 Dungeon Crawl Stone Soup version 0.24.0-125-gc4c63601f3 (webtiles) character file.

Game seed: 7207735645344439272, levelgen mode: deterministic

217373 Amplified the Warrior (level 18, -17/155 HPs)
             Began as a Demonspawn Chaos Knight on Mar 17, 2020.
             Was a Plaything of Xom.
             Hit by a javelin thrown by a merfolk javelineer (20 damage)
             ... on level 4 of the Shoals.
             The game lasted 00:52:55 (30246 turns).

Amplified the Warrior (Demonspawn Chaos Knight)    Turns: 30246, Time: 00:52:56

Health: -17/155    AC: 29    Str: 15      XL:     18   Next: 38%
Magic:  23/23      EV: 17    Int: 15      God:    Xom [....*.]
Gold:   2274       SH: 13    Dex: 18 (19) Spells: 17/17 levels left

rFire    + . .     SeeInvis .   b - +8 broad axe (elec)
rCold    + + +     Gourm    .   j - +1 shield {reflect}
rNeg     + + .     Faith    .   S - +1 chain mail "Bamepih" {*Corrode +Inv rC+ Slay+5}
rPois    +         Spirit   .   f - +2 hat
rElec    +         Reflect  +   M - +2 ratskin cloak {+Rats rPois rN+ Str-1 Int-1 Dex+1}
rCorr    +         Harm     +   q - +2 pair of gloves
MR       +++..                  i - +2 pair of boots
Stlth    ..........             Q - amulet of Hijida {Harm *Drain rElec rC+ rN+ Dex-2}
HPRegen  0.35/turn              R - ring "Kexkoant" {+Blink +Fly rPois MR++ Dex-2}
MPRegen  0.18/turn              H - ring of resist corrosion

@: agile, very slightly contaminated, studying 2 skills
A: antennae 1, fangs 1, hooves 2, molten scales 3, agile 1, cold resistance 1,
deterioration 1, low mp 1, powered by pain 1, spiny 3, wild magic 3
}: 1/15 runes: gossamer
a: Renounce Religion, Evoke Blink, Evoke Ratskin, Evoke Invisibility, Evoke
Flight


You were on level 4 of the Shoals.
You worshipped Xom.
You were a beloved toy of Xom.
You were hungry.

You visited 5 branches of the dungeon, and saw 31 of its levels.
You also visited: Ice Cave.

You collected 3734 gold pieces.
You spent 1460 gold pieces at shops.

Inventory:

Hand Weapons
 b - a +8 broad axe of electrocution (weapon)
 k - the +4 whip of Ygieteim {drain, +Inv rElec rN+ Int-5}
   (You took it off a kobold on level 3 of the Dungeon)

   A truly terrible weapon, it drains the life of those it strikes.
   It affects your intelligence (-5).
   It insulates you from electricity.
   It protects you from negative energy.
   It lets you turn invisible.
Missiles
 a - 17 silver javelins
 o - 77 poisoned darts (quivered)
 x - 2 throwing nets
 A - 2 curare-tipped darts
Armour
 d - the +0 pair of gloves of Valiance {rC+++ MP-9 Str+6 Dex-4}
   (You found it on level 4 of the Spider Nest)

   It affects your strength (+6).
   It affects your dexterity (-4).
   It renders you almost immune to cold.
   It affects your magic capacity (-9).
 f - a +2 hat (worn)
 i - a +2 pair of boots (worn)
 j - a +1 shield of reflection (worn)
 q - a +2 pair of gloves (worn)
 u - a +2 cloak of magic resistance
 I - +0 ice dragon scales
 M - the +2 ratskin cloak (worn) {+Rats rPois rN+ Str-1 Int-1 Dex+1}
   (You found it on level 3 of the Spider Nest)

   It affects your strength (-1).
   It affects your intelligence (-1).
   It affects your dexterity (+1).
   It protects you from poison.
   It protects you from negative energy.
 O - the cursed +1 robe of Unreason {Int+4, unknown}
   (You found it on level 2 of the Spider Nest)

   It affects your intelligence (+4).
   It has a curse placed upon it.
 S - the +1 chain mail "Bamepih" (worn) {*Corrode +Inv rC+ Slay+5}
   (You found it on level 14 of the Dungeon)

   It affects your accuracy and damage with ranged weapons and melee attacks
   (+5).
   It protects you from cold.
   It lets you turn invisible.
   It may corrode you when you take damage.
 U - the +1 robe of Card Tricks {rElec rF+ Dex+8 Stlth-}
   (You found it on level 13 of the Dungeon)

   It affects your dexterity (+8).
   It protects you from fire.
   It insulates you from electricity.
   It makes you less stealthy.
 W - the +8 ring mail of the Trees {rF+++ MR+ Int-2 Slay+2, unknown}
   (You found it on level 4 of the Shoals)

   It affects your intelligence (-2).
   It affects your accuracy and damage with ranged weapons and melee attacks
   (+2).
   It renders you almost immune to fire.
   It affects your resistance to hostile enchantments.
Jewellery
 e - an uncursed amulet of the acrobat {unknown}
 m - an uncursed ring of protection from cold
 v - a +3 amulet of reflection {unknown}
 E - an uncursed ring of protection from magic
 G - an uncursed amulet of regeneration
 H - a ring of resist corrosion (right hand)
 L - an uncursed ring of flight
 Q - the amulet of Hijida (around neck) {Harm *Drain rElec rC+ rN+ Dex-2}
   (You found it on level 3 of the Shoals)

   [amulet of harm]

   It increases damage dealt and taken.
   It affects your dexterity (-2).
   It protects you from cold.
   It insulates you from electricity.
   It protects you from negative energy.
   It causes draining when unequipped.
 R - the ring "Kexkoant" (left hand) {+Blink +Fly rPois MR++ Dex-2}
   (Xom gifted it to you on level 12 of the Dungeon)

   [ring of poison resistance]

   It affects your dexterity (-2).
   It protects you from poison.
   It affects your resistance to hostile enchantments.
   It lets you fly.
   It lets you blink.
Wands
 t - a wand of flame (21)
 B - a wand of digging (3)
 K - a wand of clouds (4)
 P - a wand of paralysis (10)
Scrolls
 h - 9 scrolls of remove curse
 l - 3 scrolls of amnesia
 s - 5 scrolls of fear
 y - 13 scrolls of teleportation
 C - 3 scrolls of brand weapon
 D - 7 scrolls of vulnerability
 V - a scroll of fog
 Z - 3 scrolls of magic mapping
Potions
 g - 4 potions of mutation
 F - a potion of resistance
 J - 2 potions of cancellation
 T - 4 potions of ambrosia
 Y - a potion of brilliance
Books
 n - a manual of Conjurations
 r - a manual of Fighting
Miscellaneous
 p - a box of beasts
Comestibles
 c - 34 rations


   Skills:
 + Level 17.6 Fighting
 * Level 11.4(13.4) Axes
 - Level 12.0(13.7) Maces & Flails
 - Level 10.9 Armour
 - Level 11.2 Dodging
 * Level 9.7 Shields
 * Level 12.6 Conjurations
 - Level 11.1 Evocations


You had 17 spell levels left.
You didn't know any spells.
Your spell library contained the following spells:

 Spells                   Type           Power        Failure   Level  Hunger
 Flame Tongue             Conj/Fire      #####        69%         1    ##.....
 Throw Frost              Conj/Ice       #####.       80%         2    ###....
 Conjure Flame            Conj/Fire      #####...     94%         3    ####...
 Dazzling Spray           Conj/Hex       #####.       94%         3    ####...
 Stone Arrow              Conj/Erth      #####.       94%         3    ####...
 Mephitic Cloud           Conj/Pois/Air  ###.....     99%         3    ####...
 Animate Skeleton         Necr           N/A          100%        1    ##.....
 Beastly Appendage        Tmut           #.....       100%        1    ##.....
 Corona                   Hex            #......      100%        1    ##.....
 Pain                     Necr           #...         100%        1    ##.....
 Sandblast                Erth           #.....       100%        1    ##.....
 Passwall                 Tmut/Erth      #.......     100%        2    ###....
 Poisonous Vapours        Pois/Air       #.....       100%        2    ###....
 Slow                     Hex            #.......     100%        2    ###....
 Sticks to Snakes         Tmut           #.......     100%        2    ###....
 Ignite Poison            Fire/Tmut/Pois #.......     100%        3    ####...
 Inner Flame              Hex/Fire       #.......     100%        3    ####...
 Portal Projectile        Hex/Tloc       #.....       100%        3    ####...
 Regeneration             Chrm/Necr      #.........   100%        3    ####...
 Spider Form              Tmut/Pois      #.........   100%        3    ####...
 Vampiric Draining        Necr           #.........   100%        3    ####...
 Airstrike                Air            #.........   100%        4    #####..
 Animate Dead             Necr           N/A          100%        4    #####..
 Cause Fear               Hex            #.........   100%        4    #####..
 Ice Form                 Ice/Tmut       #.......     100%        4    #####..
 Leda's Liquefaction      Hex/Erth       #.........   100%        4    #####..
 Petrify                  Tmut/Erth      #.......     100%        4    #####..
 Blade Hands              Tmut           #.........   100%        5    ######.
 Fireball                 Conj/Fire      #####.....   100%        5    ######.
 Irradiate                Conj/Tmut      #####.....   100%        5    ######.
 Iskenderun's Battlesphe  Conj/Chrm      #####...     100%        5    ######.
 Lee's Rapid Deconstruct  Erth           #.........   100%        5    ######.
 Yara's Violent Unravell  Hex/Tmut       #.........   100%        5    ######.
 Bolt of Fire             Conj/Fire      #####.....   100%        6    #######
 Freezing Cloud           Conj/Ice/Air   ###.......   100%        6    #######
 Hydra Form               Tmut           #.........   100%        6    #######
 Statue Form              Tmut/Erth      #........    100%        6    #######
 Dragon Form              Tmut           #.........   100%        7    #######
 Ring of Flames           Chrm/Fire      #.........   100%        7    #######
 Ignition                 Fire           #.........   100%        8    #######


Dungeon Overview and Level Annotations

Branches:
Dungeon (15/15)            Temple (0/1) D:6            Lair (6/6) D:8
 Shoals (4/4) Lair:3       Spider (4/4) Lair:3        Slime (0/5) Lair:5
    Orc (2/2) D:9             Elf (0/3) Orc:2        Vaults (0/5) D:13
 Depths (0/5) D:15          IceCv (visited)

Altars:
Sif Muna
Trog
Wu Jian
Xom
Yredelemnul
The Shining One
Beogh

Shops:
D:10 *   D:13 *   Orc:2 ***(

Annotations:
D:3 1 runed translucent door
D:7 3 runed translucent doors, martbhell's ghost, novice MiBe
D:8 2 transporters, LraC's ghost, novice HaHu
Lair:2 exclusion: oklob plant
Lair:4 exclusion: oklob plant
Lair:5 exclusion: 4 oklob plants
Lair:6 1 runed translucent door, Lovusat's ghost, journeyman MiBe
Spider:2 Roxanne
Spider:4 Supercareful
Orc:1 3 runed translucent doors, Acucautz's ghost, journeyman GrFi
Orc:2 Brace for Xompact.


Innate Abilities, Weirdness & Mutations

You have hoof-like feet.
You are completely covered in molten scales. (AC +4, rF+)
You sometimes gain a little power by taking damage.
You are completely covered in sharp spines.
You have a pair of small antennae on your head.
You have very sharp teeth.
You are agile. (Dex +2)
Your flesh is cold resistant. (rC+)
Your body sometimes deteriorates upon taking damage.
Your magical capacity is low. (-10% MP)
Your spells are much harder to cast, but much more powerful.


Message History

The merfolk javelineer hits you but does no damage.
The merfolk is engulfed in poison gas.
The merfolk is poisoned.
Unknown command.
The merfolk javelineer is engulfed in poison gas.
The merfolk javelineer looks as sick as possible!
The merfolk javelineer throws a javelin.
The javelin pierces through you!!
* * * LOW HITPOINT WARNING * * *
Your body deteriorates!
You feel clumsy.
You hear a splash.
The merfolk is engulfed in poison gas.
The merfolk is poisoned.
Unknown command.
Okay, then.
Okay, then.
The merfolk javelineer is engulfed in poison gas.
The merfolk javelineer looks as sick as possible!
The merfolk javelineer throws a javelin.
The javelin pierces through you!
You die...
Xom guffaws!

P# ##....≈≈≈≈≈≈≈≈≈≈≈≈≈≈≈≈≈≈≈≈≈≈≈≈
P# ##...≈≈≈≈≈≈≈≈≈≈≈≈≈≈≈≈≈≈≈≈≈≈≈≈
P#####...≈≈≈≈≈≈≈≈≈≈≈≈≈(..≈≈≈≈≈≈W≈
........≈≈≈≈≈≈.≈≈≈≈≈...(...≈≈≈≈≈≈
.≈≈≈P≈P≈≈≈≈≈≈≈≈.≈(≈≈.#......≈≈≈≈≈
≈..≈≈≈≈≈≈≈≈≈≈≈≈(≈≈≈≈.#.(..(..≈≈≈≈
PPPPP≈≈≈≈≈≈≈≈≈≈≈≈≈≈≈.#.........≈≈
≈PPP≈≈≈≈≈≈≈≈≈≈≈..≈≈≈.#........(.≈
PPPP≈P≈≈≈≈≈≈≈≈..@....#......§...≈
≈P≈P≈P≈≈≈≈≈≈(..##...##.######)(.≈
PP≈≈≈≈≈≈≈≈≈≈≈m###.######≈)..{#m.≈
≈≈≈≈≈≈P≈≈≈≈≈m§###.#####≈...m#.#(≈
≈≈≈≈≈†..≈≈≈m§≈...≈...#≈..#≈. # #≈
...≈≈....≈§§§≈≈≈≈≈≈≈.#≈.≈X≈ ≈
......##.§§§≈≈≈≈≈≈≈≈≈# .≈## ≈
.....<.##.≈≈≈m≈≈≈≈≈≈≈#≈..
...##.....≈≈≈≈≈m≈m≈≈≈#≈#


You could see a merfolk javelineer and 2 merfolk.

Vanquished Creatures
  Nikola (Spider:2)
  Donald (Shoals:1)
  6 emperor scorpions
  4 ghost moths
  Aizul (Spider:2)
  An ironheart preserver (D:13)
  The ghost of kandel6 the Protected, a journeyman GnWn of Nemelex Xobeh (Spider:3)
  A stone giant (Orc:2)
  3 entropy weavers (Spider:3)
  A spark wasp (Spider:4)
  A minotaur (Shoals:1)
  4 merfolk javelineers (Shoals:4)
  2 ettins (Orc:2)
  A merfolk impaler (Shoals:4)
  Snorg (D:10)
  2 ogre magi (Orc:2)
  Fannar (D:12)
  A rakshasa (D:15)
  3 ice dragons
  6 hydras
  A catoblepas (Lair:4)
  5 merfolk avatars
  6 death yaks (Lair:6)
  10 two-headed ogres
  A death knight (D:12)
  4 centaur warriors
  A merfolk aquamancer (Shoals:4)
  A hell hog (Spider:1)
  2 tengu warriors
  A queen ant (Lair:3)
  A skeletal warrior (D:12)
  A fire crab (Spider:2)
  A fire crab (shapeshifter) (Spider:4)
  3 unseen horrors
  2 deep trolls (Orc:2)
  6 sea snakes
  28 harpies
  A phantasmal warrior (D:12)
  A wolf spider zombie (D:15)
  19 orb spiders
  3 orc sorcerers
  5 ugly things
  2 deep elf magi (D:14)
  A shining eye (D:12)
  An orc knight (Orc:2)
  15 manticores
  27 wolf spiders
  3 fauns
  16 elephants
  A moth of wrath (Spider:2)
  9 cyclopes
  5 centaur zombies
  4 black mambas (Lair:6)
  5 torpor snails
  10 spiny frogs
  5 water nymphs
  2 gargoyles
  5 merfolk sirens
  5 rime drakes
  An eye of devastation (Lair:5)
  9 komodo dragons
  An efreet (D:15)
  2 kobold demonologists
  2 freezing wraiths (D:12)
  11 demonic crawlers
  35 jumping spiders
  10 hornets
  6 meliai
  14 merfolk
  3 wind drakes
  7 polar bears (Lair:6)
  13 trolls
  A raiju (Spider:3)
  Grinder (D:4)
  13 slime creatures
  3 blink frogs (Lair:6)
  11 hippogriffs
  7 snapping turtles
  18 dream sheep
  2 shadows
  Sigmund (D:5)
  107 redbacks
  A vampire (D:11)
  39 yaks
  4 wyverns
  13 spriggans (Lair:6)
  3 water elementals
  A wraith (D:13)
  45 tarantellas
  5 basilisks
  3 hungry ghosts
  Grum (D:8)
  4 wargs
  2 steam dragons
  6 vampire mosquitoes
  4 swamp worms (Lair:1)
  7 water moccasins
  4 porcupines
  21 soldier ants
  31 orc warriors
  4 phantoms
  2 sky beasts
  4 eyes of draining
  3 necrophages
  14 ice beasts
  A wolf (shapeshifter) (D:15)
  8 black bears
  3 boggarts (Lair:6)
  24 ogres
  30 wolves
  12 centaurs
  11 crocodiles
  3 big kobolds
  3 elf zombies (D:15)
  21 bullfrogs
  3 scorpions
  The ghost of Blodwynpig the Chopper, a weakling DDBe of Trog (D:3)
  12 killer bees
  4 howler monkeys
  12 wights
  11 crimson imps
  5 hounds
  5 human zombies (D:15)
  A bullfrog zombie (D:11)
  4 jellies
  15 orc priests
  3 centaur skeletons
  A gnoll shaman (D:5)
  Crazy Yiuf (D:4)
  4 bullfrog skeletons
  5 iguanas
  Terence (D:2)
  3 human skeletons (D:15)
  23 orc wizards
  5 hell rats (Lair:4)
  29 worker ants
  A killer bee zombie (D:7)
  An ogre zombie (D:15)
  A hound zombie (D:6)
  11 gnolls
  A howler monkey zombie (D:7)
  A worker ant zombie (D:6)
  3 adders
  5 shadow imps
  4 oozes
  2 adder skeletons
  5 worms
  3 dart slugs (D:1)
  4 leopard geckos
  99 orcs
  A ball python (D:2)
  12 giant cockroaches
  11 goblins
  7 hobgoblins
  23 kobolds
  4 quokkas
  5 bats
  6 frilled lizards
  2 quokka skeletons
  10 rats
  A butterfly (Lair:6)
  A fire vortex (Lair:6)
  2 plants (D:2)
1250 creatures vanquished.

Vanquished Creatures (collateral kills)
  A merfolk javelineer (Shoals:4)
  An ice dragon (IceCv)
  An elephant (Lair:4)
  2 ice statues (IceCv)
  A centaur zombie (D:13)
  2 spiny frogs (Lair:4)
  A demonic crawler (Lair:1)
  A troll (Orc:2)
  2 hornets
  A dream sheep (Lair:6)
  2 spriggans (Lair:6)
  A yak (Lair:6)
  A vampire mosquito (D:12)
  A sky beast (D:13)
  2 ice beasts (IceCv)
  2 wolves (Lair:6)
  A jelly (D:12)
  An orc (D:14)
  A fungus (Lair:4)
  A plant (Lair:1)
26 creatures vanquished.

Vanquished Creatures (others)
  A dancing weapon (Shoals:4)
  2 orb spiders
  A wolf spider (Spider:3)
  A moth of wrath (Spider:2)
  A hippogriff (Lair:6)
  A redback (Spider:1)
  A shadow (D:14)
  An orc warrior (D:11)
  2 ogres
  An orc priest (D:14)
  A worker ant (D:14)
  4 orcs
  A kobold (D:12)
  A bush (Lair:6)
  8 fungi
  5 plants
32 creatures vanquished.

Grand Total: 1308 creatures vanquished

Notes
Turn   | Place    | Note
-------+----------+-------------------------------------------
     0 | D:1      | Amplified the Demonspawn Chaos Knight began the quest for
                  | the Orb.
     0 | D:1      | Reached XP level 1. HP: 18/18 MP: 1/1
   111 | D:1      | Reached skill level 1 in Dodging
   140 | D:1      | Gained mutation: You sometimes gain a little power by
                  | taking damage. [demonic ancestry]
   140 | D:1      | Reached XP level 2. HP: 24/24 MP: 2/2
   159 | D:1      | XOM: potion effect (experience)
   159 | D:1      | Reached skill level 5 in Fighting
   159 | D:1      | Reached skill level 5 in Maces & Flails
   159 | D:1      | Reached XP level 3. HP: 34/34 MP: 3/3
   420 | D:1      | XOM: harmless Erth miscast
   606 | D:2      | Noticed a phantom
   613 | D:2      | XOM: divination: magic mapping
   638 | D:2      | XOM: mild Pois miscast
   651 | D:2      | XOM: potion effect (brilliance)
   659 | D:2      | XOM: noise
   663 | D:2      | Killed a phantom
   663 | D:2      | Reached skill level 6 in Fighting
   663 | D:2      | Reached skill level 1 in Shields
   663 | D:2      | Gained mutation: You are partially covered in sharp spines.
                  | [demonic ancestry]
   663 | D:2      | Reached XP level 4. HP: 23/40 MP: 4/4
   663 | D:2      | Reached XP level 5. HP: 27/46 MP: 5/5
   821 | D:2      | Noticed Terence
   827 | D:2      | Killed Terence
  1035 | D:2      | XOM: god gift: glowing arbalest {god gift}
  1295 | D:2      | XOM: give mutations
  1295 | D:2      | Gained mutation: You are somewhat resistant to further
                  | mutation. [Xom's grace]
  1295 | D:2      | Gained mutation: You possess an exceptional clarity of
                  | mind. [Xom's grace]
  1546 | D:3      | Found a runed translucent gate.
  1546 | D:3      | Found a runed translucent gate.
  1546 | D:3      | XOM: scenery: 1 fountains blood, 2 doors open
  1547 | D:3      | Identified the +4 whip of Ygieteim {drain, +Inv rElec rN+
                  | Int-5}
  1569 | D:4      | XOM: noise
  1576 | D:4      | XOM: cleaving
  1602 | D:4      | Gained mutation: You are mostly covered in sharp spines.
                  | [demonic ancestry]
  1602 | D:4      | Reached XP level 6. HP: 33/52 MP: 6/6
  1726 | D:4      | Found a shimmering blue altar of Sif Muna.
  1740 | D:4      | Lost mutation: You are somewhat resistant to further
                  | mutation. [potion of mutation]
  1740 | D:4      | Lost mutation: You possess an exceptional clarity of mind.
                  | [potion of mutation]
  1740 | D:4      | Gained mutation: Your magical capacity is low. (-10% MP)
                  | [potion of mutation]
  1740 | D:4      | Gained mutation: You possess an exceptional clarity of
                  | mind. [potion of mutation]
  1767 | D:4      | Found a runed translucent door.
  1768 | D:4      | Noticed Crazy Yiuf
  1866 | D:5      | Entered Level 5 of the Dungeon
  1914 | D:5      | XOM: give mutations
  1914 | D:5      | Gained mutation: You have very sharp teeth. [Xom's grace]
  1914 | D:5      | Gained mutation: You are somewhat resistant to further
                  | mutation. [Xom's grace]
  1914 | D:5      | Gained mutation: You are agile. (Dex +2) [Xom's grace]
  2110 | D:5      | XOM: silly message
  2117 | D:5      | XOM: god gift: ration
  2129 | D:5      | Reached XP level 7. HP: 37/59 MP: 6/6
  2468 | D:5      | Found a bloodstained altar of Trog.
  2530 | D:5      | Noticed Sigmund
  2535 | D:5      | Killed Sigmund
  2816 | D:5      | Found a bloodstained altar of Trog.
  2990 | D:4      | Found a basalt altar of Yredelemnul.
  3021 | D:4      | XOM: summons 3 hostile demons
  3022 | D:4      | Noticed a chaos spawn
  3022 | D:4      | Noticed a red devil
  3112 | D:3      | Found a glowing golden altar of the Shining One.
  3112 | D:3      | Noticed an angel
  3117 | D:3      | Found a runed translucent door.
  3187 | D:3      | XOM: noise
  3269 | D:3      | Noticed Blodwynpig's ghost (weakling DDBe)
  3284 | D:3      | Killed Blodwynpig's ghost
  3386 | D:3      | Reached skill level 7 in Fighting
  3400 | D:3      | Found an ornate altar of the Wu Jian Council.
  3526 | D:3      | XOM: torment (34/60 hp)
  3542 | D:3      | XOM: give mutations
  3542 | D:3      | Gained mutation: You have sharp toenails. [Xom's mischief]
  3542 | D:3      | Gained mutation: Your muscles are strong. (Str +2) [Xom's
                  | mischief]
  3542 | D:3      | Lost mutation: You have sharp toenails. [Xom's mischief]
  3542 | D:3      | Lost mutation: You are somewhat resistant to further
                  | mutation. [Xom's mischief]
  3959 | D:4      | Found a glowing golden altar of the Shining One.
  4033 | D:4      | Noticed Grinder
  4033 | D:4      | XOM: potion effect (berserk rage)
  4036 | D:4      | Paralysed by Grinder for 2 turns
  4043 | D:4      | Paralysed by Grinder for 4 turns
  4058 | D:4      | Killed Grinder
  4145 | D:4      | XOM: divination: detect creatures
  4278 | D:4      | Killed Crazy Yiuf
  4278 | D:4      | Gained mutation: You are completely covered in sharp
                  | spines. [demonic ancestry]
  4278 | D:4      | Reached XP level 8. HP: 66/67 MP: 7/7
  4418 | D:6      | Found a staircase to the Ecumenical Temple.
  4515 | D:6      | XOM: harmless Air miscast
  4548 | D:6      | XOM: enchant monster (good)
  4771 | D:6      | XOM: give mutations
  4771 | D:6      | Gained mutation: Your spells are a little harder to cast,
                  | but a little more powerful. [Xom's grace]
  4771 | D:6      | Gained mutation: Your spells are harder to cast, but more
                  | powerful. [Xom's grace]
  4771 | D:6      | Gained mutation: You have large cloven feet. [Xom's grace]
  4771 | D:6      | Gained mutation: You have a pair of small antennae on your
                  | head. [Xom's grace]
  4926 | D:6      | XOM: medium Ice miscast
  5290 | D:7      | Noticed a hippogriff
  5293 | D:7      | a hippogriff changed into a black bear
  5293 | D:7      | XOM: polymorph hippogriff -> black bear
  5332 | D:7      | Reached skill level 8 in Fighting
  5387 | D:7      | XOM: polymorph killer bee -> rat
  5394 | D:7      | Reached XP level 9. HP: 72/74 MP: 8/8
  5514 | D:7      | Reached skill level 5 in Shields
  5557 | D:7      | XOM: give mutations
  5557 | D:7      | Gained mutation: Your body sometimes deteriorates upon
                  | taking damage. [Xom's mischief]
  5557 | D:7      | Lost mutation: Your body sometimes deteriorates upon taking
                  | damage. [Xom's mischief]
  5557 | D:7      | Lost mutation: Your muscles are strong. (Str +2) [Xom's
                  | mischief]
  5557 | D:7      | Lost mutation: You are agile. (Dex +2) [Xom's mischief]
  5649 | D:7      | Found a runed translucent gate.
  5649 | D:7      | Found a runed translucent gate.
  5650 | D:7      | Found a runed translucent gate.
  5652 | D:7      | Noticed martbhell's ghost (novice MiBe)
  5760 | D:8      | Noticed LraC's ghost (novice HaHu)
  5761 | D:8      | Got a warped ring mail
  5772 | D:8      | Identified the cursed +1 ring mail of Disappointment
                  | {Str+3} (You found it on level 8 of the Dungeon)
  5803 | D:8      | XOM: draining
  5813 | D:8      | XOM: swap monsters
  5829 | D:8      | XOM: blink monster(s)
  5831 | D:8      | XOM: medium Erth miscast
  5886 | D:8      | Found a staircase to the Lair.
  5898 | D:8      | XOM: smoke on damage
  5935 | D:9      | XOM: 4-stop teleportation journey
  6061 | D:9      | XOM: 1-stop teleportation journey
  6062 | D:9      | Noticed a troll
  6077 | D:9      | Killed a troll
  6077 | D:9      | Reached skill level 9 in Fighting
  6117 | D:9      | XOM: mild Tloc miscast
  6136 | D:9      | XOM: polymorph worker ant -> bullfrog
  6162 | D:9      | Gained mutation: You are partially covered in molten
                  | scales. (AC +2) [demonic ancestry]
  6162 | D:9      | Reached XP level 10. HP: 63/83 MP: 9/9
  6170 | D:9      | Found a shimmering altar of Xom.
  6178 | D:9      | Found a staircase to the Orcish Mines.
  6233 | D:9      | XOM: god gift: spear {god gift}
  6346 | D:9      | XOM: draining
  6395 | D:9      | XOM: polymorph hornet -> rime drake
  6701 | D:10     | Entered Level 10 of the Dungeon
  6854 | D:10     | XOM: mild Erth miscast
  6866 | D:10     | Noticed Snorg
  6869 | D:10     | XOM: 5-stop teleportation journey
  6879 | D:10     | Noticed a tengu warrior
  6888 | D:10     | Noticed a gargoyle
  6890 | D:10     | XOM: mild Conj miscast
  6902 | D:10     | Killed a tengu warrior
  7095 | D:10     | Noticed a purple ugly thing
  7111 | D:10     | Killed a purple ugly thing
  7111 | D:10     | Reached skill level 10 in Fighting
  7145 | D:10     | XOM: polymorph eye of draining -> basilisk
  7150 | D:10     | XOM: confuse monster(s)
  7242 | D:10     | XOM: noise
  7300 | D:10     | Found Oreats's Assorted Antiques.
  7306 | D:10     | Bought a scroll labeled SUTEAL WUUJO for 29 gold pieces
  7306 | D:10     | Bought 2 scrolls labeled GANKIW PUXKETIF for 58 gold pieces
  7306 | D:10     | Bought a scroll of enchant armour for 217 gold pieces
  7513 | D:10     | XOM: summons 2 friendly demons
  7526 | D:10     | Killed a gargoyle
  7652 | D:10     | XOM: god gift: chain mail {god gift}
  7686 | D:11     | XOM: blink monster(s)
  7706 | D:11     | XOM: blink monster(s)
  7732 | D:11     | XOM: blink monster(s)
  7846 | D:11     | XOM: scenery: create altars
  7850 | D:11     | Reached XP level 11. HP: 70/92 MP: 9/9
  8020 | D:11     | XOM: enchant monster (good)
  8175 | D:11     | XOM: 4-stop teleportation journey
  8209 | D:11     | XOM: noise
  8211 | D:11     | XOM: harmless Conj miscast
  8398 | D:8      | Noticed a two-headed ogre
  8412 | D:8      | Killed a two-headed ogre
  8419 | D:8      | Found a transporter.
  8503 | D:8      | Found a roughly hewn altar of Beogh.
  8517 | D:8      | XOM: smoke on damage
  8544 | D:8      | Reached skill level 10 in Maces & Flails
  8656 | D:8      | Found a transporter.
  8689 | D:8      | Noticed Grum
  8700 | D:8      | Killed Grum
  9078 | Lair:1   | Entered Level 1 of the Lair of Beasts
  9078 | Lair:1   | XOM: divination: detect items
  9149 | Lair:1   | Reached skill level 11 in Fighting
  9165 | Lair:1   | XOM: scenery: create altars
  9236 | Lair:1   | Reached skill level 1 in Evocations
  9238 | Lair:1   | XOM: destruction
  9246 | Lair:1   | XOM: confuse monster(s)
  9257 | Lair:1   | XOM: polymorph bullfrog -> worker ant
  9260 | Lair:1   | XOM: god gift: 29 gold pieces
  9295 | Lair:1   | XOM: potion effect (might)
  9853 | Lair:2   | XOM: scenery: create altars
  9872 | Lair:2   | Noticed a seven-headed hydra
  9948 | Lair:3   | XOM: scenery: create altars
  9998 | Lair:2   | XOM: summons 4 friendly demons
 10011 | Lair:2   | Found a frozen archway.
 10018 | IceCv    | Entered an ice cave
 10242 | IceCv    | XOM: divination: detect creatures
 10254 | IceCv    | XOM: cast spell 'Summon Dragon'
 10274 | IceCv    | Reached XP level 12. HP: 100/100 MP: 11/11
 10418 | IceCv    | XOM: cleaving
 10448 | IceCv    | Noticed an ice dragon
 10472 | IceCv    | Killed an ice dragon
 10570 | IceCv    | Noticed an ice dragon
 10581 | IceCv    | XOM: summons 7 friendly demons
 10590 | IceCv    | Killed an ice dragon
 10590 | IceCv    | Reached skill level 5 in Dodging
 10841 | Lair:2   | Killed a seven-headed hydra
 11129 | Lair:2   | XOM: divine lightning
 11144 | Lair:2   | XOM: summons friendly crimson imp
 11285 | Lair:3   | Noticed a queen ant
 11297 | Lair:3   | XOM: fog
 11320 | Lair:3   | XOM: potion effect (invisibility)
 11354 | Lair:3   | Killed a queen ant
 11354 | Lair:3   | Reached skill level 5 in Armour
 11396 | Lair:3   | XOM: summons 1 hostile shadow creature
 11416 | Lair:3   | XOM: mild Air miscast
 11425 | Lair:3   | XOM: confuse monster(s)
 11572 | Lair:3   | Found a hole to the Spider Nest.
 11581 | Lair:3   | XOM: summons 12 friendly demons
 11605 | Lair:3   | Noticed a four-headed hydra
 11615 | Lair:3   | Killed a four-headed hydra
 11842 | Lair:3   | Found a staircase to the Shoals.
 11851 | Lair:3   | XOM: confuse monster(s)
 11864 | Lair:3   | XOM: summons friendly ufetubus
 11870 | Lair:3   | XOM: enchant monster (bad)
 11884 | Lair:3   | XOM: medium Tmut miscast
 11892 | Lair:3   | XOM: cleaving
 11894 | Lair:3   | XOM: summons 3 hostile demons
 12042 | Lair:3   | XOM: harmless Fire miscast
 12127 | Lair:3   | XOM: draining
 12380 | Lair:4   | Noticed a catoblepas
 12390 | Lair:4   | XOM: scenery: create altars
 12404 | Lair:3   | XOM: god gift: shiny buckler {god gift}
 12504 | Lair:4   | XOM: divination: detect creatures
 12526 | Lair:4   | XOM: cleaving
 12528 | Lair:4   | XOM: fake destruction
 12531 | Lair:4   | Reached skill level 5 in Evocations
 12531 | Lair:4   | Reached XP level 13. HP: 107/107 MP: 15/15
 12531 | Lair:4   | XOM: summons friendly crimson imp
 12537 | Lair:4   | XOM: enchant monster (good)
 12540 | Lair:4   | XOM: divination: detect creatures
 12550 | Lair:4   | XOM: cast spell 'Summon Ice Beast'
 12550 | Lair:4   | Reached skill level 12 in Fighting
 12648 | Lair:4   | XOM: cast spell 'Ring of Flames'
 12650 | Lair:4   | XOM: scenery: create altars
 12666 | Lair:4   | XOM: 2-stop teleportation journey
 12738 | Lair:4   | XOM: god gift: glowing mace {god gift}
 12783 | Lair:4   | XOM: summons 8 friendly demons
 12875 | Lair:4   | XOM: summons friendly ice devil
 12947 | Lair:4   | XOM: god gift: 7 silver javelins
 13264 | Lair:4   | XOM: scenery: create altars
 13495 | Lair:5   | XOM: cast spell 'Ring of Flames'
 13516 | Lair:5   | XOM: confuse monster(s)
 13523 | Lair:5   | XOM: confuse monster(s)
 13538 | Lair:5   | Found a staircase to the Slime Pits.
 13568 | Lair:5   | XOM: enchant monster (good)
 13628 | Lair:5   | XOM: noise
 13731 | Lair:5   | XOM: swap monsters
 14061 | Lair:5   | XOM: medium Ice miscast
 14223 | Lair:5   | XOM: summons 3 hostile shadow creatures
 14288 | Lair:5   | XOM: medium Necr miscast
 14312 | Lair:5   | XOM: cloud trail
 14388 | Lair:5   | XOM: medium Summ miscast
 14426 | Lair:6   | Entered Level 6 of the Lair of Beasts
 14429 | Lair:6   | XOM: draining
 14440 | Lair:6   | XOM: repel stairs
 14441 | Lair:6   | XOM: cast spell 'Summon Butterflies'
 14486 | Lair:6   | XOM: summons friendly iron imp
 14487 | Lair:6   | XOM: scenery: create altars
 14489 | Lair:6   | XOM: enchant monster (good)
 14537 | Lair:6   | XOM: smoke on damage
 14546 | Lair:6   | XOM: harmless Necr miscast
 14592 | Lair:6   | XOM: enchant monster (good)
 14619 | Lair:6   | XOM: confuse monster(s)
 14699 | Lair:6   | XOM: scenery: create altars
 14729 | Lair:6   | XOM: cast spell 'Leda's Liquefaction'
 14738 | Lair:6   | XOM: god gift: ration
 14746 | Lair:6   | Mutation became permanent: You have large cloven feet.
                  | [demonic ancestry]
 14746 | Lair:6   | Gained mutation: You have large cloven feet. [demonic
                  | ancestry]
 14746 | Lair:6   | Reached XP level 14. HP: 108/116 MP: 17/17
 14789 | Lair:6   | Identified the Incunabulum of Scorching Flight
 14814 | Lair:6   | Reached skill level 13 in Fighting
 14815 | Lair:6   | XOM: enchant monster (bad)
 14830 | Lair:6   | XOM: mild Fire miscast
 14833 | Lair:6   | XOM: noise
 14844 | Lair:6   | XOM: confuse monster(s)
 14857 | Lair:6   | XOM: summons friendly shadow imp
 14875 | Lair:6   | XOM: enchant monster (good)
 14878 | Lair:6   | XOM: potion effect (brilliance)
 14884 | Lair:6   | XOM: mild Tloc miscast
 14887 | Lair:6   | XOM: destruction
 14925 | Lair:6   | XOM: summons friendly shadow imp
 15058 | Lair:6   | XOM: mild Tmut miscast
 15099 | Lair:6   | XOM: enchant monster (good)
 15126 | Lair:6   | XOM: summons friendly crimson imp
 15275 | Lair:6   | XOM: swap monsters
 15277 | Lair:6   | XOM: 1-stop teleportation journey
 15350 | Lair:6   | XOM: polymorph yak -> eye of draining
 15395 | Lair:6   | XOM: scenery: create altars
 15404 | Lair:6   | XOM: enchant monster (bad)
 15410 | Lair:6   | XOM: harmless Chrm miscast
 15453 | Lair:6   | XOM: harmless Necr miscast
 15455 | Lair:6   | XOM: confuse monster(s)
 15488 | Lair:6   | XOM: swap monsters
 15500 | Lair:6   | XOM: fake destruction
 15538 | Lair:6   | Found a runed translucent door.
 15538 | Lair:6   | Found a shimmering altar of Xom.
 15538 | Lair:6   | Noticed Lovusat's ghost (journeyman MiBe)
 15587 | Lair:6   | XOM: enchant monster (bad)
 15752 | Lair:6   | XOM: confuse monster(s)
 15761 | Lair:6   | XOM: confuse monster(s)
 15928 | Lair:6   | XOM: medium Conj miscast
 16090 | D:9      | XOM: noise
 16109 | Orc:1    | Entered Level 1 of the Orcish Mines
 16166 | Orc:1    | Found a runed translucent gate.
 16167 | Orc:1    | Found a runed translucent gate.
 16188 | Orc:1    | Found a runed translucent gate.
 16190 | Orc:1    | Noticed Acucautz's ghost (journeyman GrFi)
 16309 | Orc:2    | Entered Level 2 of the Orcish Mines
 16324 | Orc:2    | Noticed a stone giant
 16329 | Orc:2    | XOM: harmless Chrm miscast
 16333 | Orc:1    | XOM: medium Necr miscast
 16414 | Orc:1    | XOM: mild Air miscast
 16745 | D:12     | XOM: noise
 16780 | D:12     | XOM: enchant monster (good)
 16797 | D:12     | XOM: noise
 16862 | D:12     | Noticed Fannar
 16863 | D:12     | XOM: potion effect (agility)
 16886 | D:12     | Killed Fannar
 16935 | D:12     | XOM: summons friendly quasit
 16937 | D:12     | XOM: summons 2 friendly demons
 17050 | D:12     | XOM: enchant monster (good)
 17102 | D:12     | XOM: polymorph slime creature -> shining eye
 17133 | D:12     | Gained mutation: Your body sometimes deteriorates upon
                  | taking damage. [a shining eye]
 17225 | D:12     | XOM: cloud trail
 17362 | D:12     | XOM: god gift: faintly glowing steel ring {god gift}
 17363 | D:12     | Got a faintly glowing steel ring {god gift}
 17365 | D:12     | Identified the ring "Kexkoant" {+Blink +Fly rPois MR++
                  | Dex-2} (Xom gifted it to you on level 12 of the Dungeon)
 17371 | D:12     | XOM: summons friendly red devil
 17587 | D:13     | XOM: fog
 17591 | D:13     | XOM: divine lightning
 17607 | D:13     | XOM: mild Ice miscast
 17621 | D:13     | Found a glowing golden altar of the Shining One.
 17688 | D:13     | Identified Cuhim's Catalogue of Heat and Shape Shifting
                  | (Xom gifted it to you on level 13 of the Dungeon)
 17688 | D:13     | XOM: god gift: Cuhim's Catalogue of Heat and Shape Shifting
 17689 | D:13     | XOM: medium Erth miscast
 17708 | D:13     | XOM: fake destruction
 17789 | D:13     | XOM: summons 11 friendly demons
 17864 | D:13     | XOM: scenery: create altars
 17871 | D:13     | XOM: summons friendly crimson imp
 17875 | D:13     | XOM: enchant monster (good)
 17897 | D:13     | XOM: polymorph crimson imp -> quasit
 17914 | D:13     | XOM: noise
 17968 | D:13     | Noticed an ironheart preserver
 17980 | D:13     | XOM: noise
 17981 | D:13     | XOM: 1-stop teleportation journey
 17994 | D:13     | XOM: mild Air miscast
 18022 | D:13     | Found Hudwat's Humungous Hoard.
 18061 | D:13     | Bought a potion of haste for 160 gold pieces
 18061 | D:13     | Bought a potion of heal wounds for 80 gold pieces
 18069 | D:13     | Found a shimmering altar of Xom.
 18099 | D:13     | Identified the +1 robe of Card Tricks {rElec rF+ Dex+8
                  | Stlth-} (You found it on level 13 of the Dungeon)
 18397 | D:13     | Killed an ironheart preserver
 18397 | D:13     | Gained mutation: You are mostly covered in molten scales.
                  | (AC +3) [demonic ancestry]
 18397 | D:13     | Reached XP level 15. HP: 123/125 MP: 18/19
 18430 | D:13     | Found a gate to the Vaults.
 18528 | D:13     | Reached skill level 10 in Dodging
 18671 | D:14     | XOM: scenery: 1 doors open
 18681 | D:14     | XOM: noise
 18683 | D:14     | XOM: summons 7 hostile demons
 18685 | D:14     | XOM: medium Conj miscast
 18749 | D:13     | Reached skill level 14 in Fighting
 18819 | D:14     | XOM: confuse monster(s)
 18879 | D:14     | XOM: enchant monster (good)
 18919 | D:14     | XOM: destruction
 18942 | D:14     | XOM: summons friendly shadow imp
 18974 | D:14     | XOM: cleaving
 19081 | D:14     | Reached skill level 10 in Evocations
 19090 | D:14     | Got a slimy chain mail
 19091 | D:14     | Identified the +1 chain mail "Bamepih" {*Corrode +Inv rC+
                  | Slay+5} (You found it on level 14 of the Dungeon)
 19127 | D:14     | XOM: enchant monster (good)
 19144 | D:14     | Reached skill level 10 in Armour
 19371 | D:14     | Found a roughly hewn altar of Beogh.
 19405 | D:14     | XOM: polymorph orc warrior -> wolf
 19501 | D:15     | Entered Level 15 of the Dungeon
 19751 | D:15     | XOM: mild Tmut miscast
 20131 | D:15     | XOM: give mutation
 20131 | D:15     | Gained mutation: You are agile. (Dex +2) [Xom's grace]
 20142 | D:15     | XOM: confuse monster(s)
 20146 | D:15     | XOM: medium Ice miscast
 20151 | D:15     | Found a staircase to the Depths.
 20232 | D:15     | XOM: give mutations
 20232 | D:15     | Lost mutation: Your body sometimes deteriorates upon taking
                  | damage. [Xom's mischief]
 20232 | D:15     | Gained mutation: Your flesh is cold resistant. (rC+) [Xom's
                  | mischief]
 20232 | D:15     | Gained mutation: Your body sometimes deteriorates upon
                  | taking damage. [Xom's mischief]
 20232 | D:15     | Gained mutation: You are weak. (Str -2) [Xom's mischief]
 20242 | D:15     | XOM: swap monsters
 20268 | D:15     | XOM: blink monster(s)
 20375 | D:15     | Found a basalt altar of Yredelemnul.
 20436 | D:15     | XOM: swap monsters
 20739 | D:10     | XOM: chaos cloud
 20742 | D:10     | Paralysed by you for 2 turns
 20747 | D:10     | Killed Snorg
 20811 | Orc:2    | XOM: repel stairs
 20843 | Orc:2    | Found a staircase to the Elven Halls.
 20890 | Orc:1    | XOM: swap monsters
 20900 | Orc:1    | XOM: 1-stop teleportation journey
 20916 | Orc:1    | XOM: mild Ice miscast
 20921 | Orc:1    | XOM: harmless Necr miscast
 20925 | Orc:1    | XOM: harmless Ice miscast
 21233 | Orc:2    | XOM: noise
 21238 | Orc:2    | XOM: scenery: create altars
 21251 | Orc:2    | XOM: summons friendly crimson imp
 21255 | Orc:2    | XOM: fog
 21277 | Orc:2    | Found Weduprau's General Store.
 21277 | Orc:2    | XOM: 5-stop teleportation journey
 21278 | Orc:2    | XOM: enchant monster (good)
 21313 | Orc:2    | Found Ozi Temm's Antique Weapon Shoppe.
 21314 | Orc:2    | Found Vojon's General Store.
 21315 | Orc:2    | Found Gatag's Assorted Antiques.
 21332 | Orc:2    | XOM: destruction
 21337 | Orc:2    | XOM: summons friendly quasit
 21353 | Orc:2    | XOM: summons 4 friendly demons
 21525 | Orc:2    | Bought a potion of heal wounds for 70 gold pieces
 21525 | Orc:2    | Bought a scroll of teleportation for 42 gold pieces
 21530 | Orc:2    | Bought a scroll of magic mapping for 52 gold pieces
 21530 | Orc:2    | Bought a potion of might for 60 gold pieces
 21555 | Orc:2    | Bought a scroll of enchant weapon for 187 gold pieces
 21555 | Orc:2    | Bought a potion of haste for 250 gold pieces
 21579 | Orc:2    | XOM: scenery: create altars
 21680 | Orc:2    | XOM: cloud trail
 21726 | Orc:2    | Gained mutation: You are completely covered in molten
                  | scales. (AC +4, rF+) [demonic ancestry]
 21726 | Orc:2    | Reached XP level 16. HP: 126/134 MP: 21/21
 21754 | Orc:2    | XOM: noise
 21936 | Orc:2    | Bought a +1 broad axe of electrocution for 255 gold pieces
 22050 | Spider:1 | Entered Level 1 of the Spider Nest
 22072 | Spider:1 | Reached skill level 1 in Axes
 22121 | Spider:1 | Reached skill level 15 in Fighting
 22157 | Spider:1 | XOM: enchant monster (good)
 22158 | Spider:1 | XOM: polymorph demonic crawler -> hell hog
 22453 | Spider:1 | XOM: medium Necr miscast
 23077 | Spider:2 | Noticed Nikola
 23081 | Spider:1 | Reached skill level 5 in Axes
 23095 | Spider:2 | XOM: 1-stop teleportation journey
 23100 | Spider:3 | XOM: noise
 23112 | Spider:3 | XOM: draining
 23114 | Spider:3 | XOM: divination: detect creatures
 23245 | Spider:3 | XOM: mild Summ miscast
 23247 | Spider:3 | XOM: summons 3 friendly demons
 23252 | Spider:3 | XOM: harmless Tloc miscast
 23292 | Spider:3 | XOM: severe Pois miscast
 23301 | Spider:3 | XOM: potion effect (haste)
 23354 | Spider:3 | XOM: mild Hex miscast
 23420 | Spider:3 | XOM: mild Summ miscast
 23433 | Spider:3 | XOM: summons friendly ufetubus
 23440 | Spider:3 | XOM: divination: detect creatures
 23695 | Spider:3 | Identified the +2 robe "Nios Etsoh" {Str+2 Dex+2}
 23699 | Spider:3 | XOM: summons 7 friendly demons
 23703 | Spider:3 | XOM: summons friendly crimson imp
 23921 | Spider:3 | XOM: polymorph orb spider -> raiju
 24135 | Spider:3 | Found the +2 ratskin cloak {+Rats rPois rN+ Str-1 Int-1
                  | Dex+1}
 24142 | Spider:3 | XOM: give mutation
 24142 | Spider:3 | Lost mutation: You are weak. (Str -2) [Xom's mischief]
 24205 | Spider:3 | Noticed kandel6's ghost (journeyman GnWn)
 24207 | Spider:3 | Found a large runed translucent door.
 24208 | Spider:3 | Found a large runed translucent door.
 24219 | Spider:3 | XOM: cleaving
 24223 | Spider:3 | XOM: cast spell 'Dispersal'
 24235 | Spider:3 | XOM: noise
 24249 | Spider:3 | Killed kandel6's ghost
 24502 | Spider:4 | Entered Level 4 of the Spider Nest
 24519 | Spider:4 | XOM: mild Hex miscast
 24522 | Spider:4 | Reached skill level 1 in Conjurations
 24549 | Spider:4 | XOM: draining
 24936 | Spider:4 | XOM: summons 2 hostile shadow creatures
 24947 | Spider:4 | Reached skill level 16 in Fighting
 25168 | Spider:4 | Reached XP level 17. HP: 144/144 MP: 22/22
 25193 | Spider:4 | XOM: summons 1 hostile demon
 25245 | Spider:4 | XOM: polymorph wolf spider -> shapeshifter
 25282 | Spider:4 | Got a pair of distressingly furry gloves
 25293 | Spider:4 | Identified the cursed +0 pair of gloves of Valiance {rC+++
                  | MP-9 Str+6 Dex-4} (You found it on level 4 of the Spider
                  | Nest)
 25322 | Spider:4 | Reached skill level 5 in Conjurations
 25382 | Spider:4 | XOM: noise
 25406 | Spider:4 | XOM: harmless Ice miscast
 25460 | Spider:4 | XOM: 6-stop teleportation journey
 25546 | Spider:4 | XOM: stat loss: -1 Dex (22/23)
 25602 | Spider:4 | XOM: stat loss: -1 Int (14/15)
 25661 | Spider:4 | XOM: harmless Hex miscast
 25815 | Spider:4 | Got a gossamer rune of Zot
 26023 | Spider:2 | XOM: blink monster(s)
 26106 | Spider:2 | XOM: 2-stop teleportation journey
 26108 | Spider:2 | XOM: polymorph orb spider -> fire crab
 26126 | Spider:2 | XOM: give mutations
 26126 | Spider:2 | Gained mutation: Your spells are much harder to cast, but
                  | much more powerful. [Xom's mischief]
 26126 | Spider:2 | Gained mutation: You are dopey. (Int -2) [Xom's mischief]
 26126 | Spider:2 | Lost mutation: You possess an exceptional clarity of mind.
                  | [Xom's mischief]
 26242 | Spider:2 | Identified Roxanne's Guide on Transformation
 26242 | Spider:2 | Noticed Roxanne
 26347 | Spider:2 | Reached skill level 10 in Axes
 26361 | Spider:2 | XOM: noise
 26375 | Spider:2 | Killed Nikola
 26398 | Spider:2 | XOM: mild Tloc miscast
 26556 | Spider:2 | You fall into a shaft and drop 1 floor!
 26584 | Spider:2 | XOM: give mutation
 26584 | Spider:2 | Lost mutation: You are dopey. (Int -2) [Xom's mischief]
 26620 | Spider:2 | XOM: swap monsters
 26661 | Spider:2 | Got a fine robe
 26665 | Spider:2 | Noticed Aizul
 26672 | Spider:2 | Killed Aizul
 26672 | Spider:2 | Reached skill level 10 in Conjurations
 26921 | Shoals:1 | Entered Level 1 of the Shoals
 27028 | Shoals:1 | Noticed Louise
 27028 | Shoals:1 | Noticed Louise
 27028 | Shoals:1 | Louise changed into Louise the minotaur
 27028 | Shoals:1 | XOM: polymorph Louise -> Louise the minotaur
 27038 | Shoals:1 | Killed Louise the minotaur
 27038 | Shoals:1 | Reached skill level 17 in Fighting
 27100 | Shoals:1 | Noticed Donald
 27114 | Shoals:1 | Killed Donald
 27179 | Shoals:1 | XOM: god gift: ration
 27381 | Shoals:1 | XOM: harmless Erth miscast
 27621 | Shoals:2 | XOM: cast spell 'Statue Form'
 27640 | Shoals:2 | XOM: harmless Ice miscast
 28415 | Shoals:3 | Gained mutation: You have hoof-like feet. [demonic
                  | ancestry]
 28415 | Shoals:3 | Reached XP level 18. HP: 142/155 MP: 23/23
 28535 | Shoals:3 | XOM: medium Erth miscast
 28659 | Shoals:3 | Got a smoking ruby amulet
 28800 | Shoals:3 | Identified the amulet of Hijida {Harm *Drain rElec rC+ rN+
                  | Dex-2} (You found it on level 3 of the Shoals)
 28888 | Shoals:4 | Entered Level 4 of the Shoals
 28943 | Shoals:4 | Identified Dime's Volume of Battle Magic and Toxins
 29188 | Shoals:4 | XOM: harmless Tloc miscast
 29264 | Shoals:4 | XOM: confusion
 29354 | Shoals:4 | XOM: torment (35/155 hp)
 29615 | Shoals:4 | XOM: mild Summ miscast
 29619 | Shoals:4 | Got a translucent ring mail
 29681 | Shoals:4 | XOM: enchant monster (bad)
 29993 | Shoals:4 | XOM: harmless Fire miscast
 30123 | Shoals:4 | XOM: noise
 30243 | Shoals:4 | Identified the cursed +1 leather armour of Hangman {Str+4}
 30245 | Shoals:4 | HP: 3/155 [merfolk javelineer/javelin (26)]
 30246 | Shoals:4 | Hit by a javelin thrown by a merfolk javelineer

Levels and vault maps discovered:
D:1:      dpeg_arrival_line_fractal, layout_loops_ring, serial_glass,
          glass_columns_a, glass_columns_c, minivault_24, minmay_close_crescents
D:2:      layout_loops_ring, first_ration, serial_forest,
          infiniplex_forest_end_3, infiniplex_forest_clump_medium,
          infiniplex_forest_end_3, infiniplex_forest_clump_medium,
          infiniplex_forest_clump_long, infiniplex_forest_clump_long,
          uniq_terence
D:3:      layout_loops_ring, nicolae_overflow_crystal_walls,
          gammafunk_ghost_nasty_kobolds, hangedman_feature_mirror,
          lemuel_angel_altar
D:4:      layout_basic, grunt_temple_overflow_holy_war, led_sif_book,
          uniq_grinder, uniq_crazy_yiuf_cottage
D:5:      layout_basic, overflow_temple_1_default, trog_butcher_becter,
          uniq_sigmund
D:6:      layout_basic, minmay_temple_entry_arrows
D:7:      kennysheep_spiral_hall, layout_rooms, gammafunk_ghost_split
D:8:      layout_basic, erik_lair_orcish_takeover, special_room
          [special_room_orc], gammafunk_ghost_mausoleum, uniq_grum
D:9:      layout_long_grid, lemuel_doored_altar, orc_0_dummy,
          hangedman_pestilent_swarm
D:10:     minmay_curly_fans, layout_irregular_city, serial_shops, shop,
          uniq_snorg
D:11:     layout_rooms
D:12:     layout_loops_cross, uniq_fannar
D:13:     layout_stronghold, skrybe_vaults_entry_preservation, basic_altar,
          minmay_misc_feat_square, nicolae_alphabet_shops, tso_metal_star
D:14:     layout_basic, special_room [special_room_orc]
D:15:     grunt_enter_depths_hoard, layout_irregular_city,
          chequers_serial_rivers_micro_b, st_stairs_6,
          lemuel_mausoleum_altar_yredelemnul
Lair:1:   layout_hall_layers, worms_lemuel
Lair:2:   layout_loops_ring, portal_ice_cave_rime, st_stairs_5,
          nicolae_quartered_pool_little, patterned_corridor
Lair:3:   layout_regular_city, elwin_shoals_entry_rocks,
          nicolae_spider_entry_non_spiders, zaba_anthell
Lair:4:   beast_lair_carwin_large_3, layout_regular_city,
          minmay_lair_oklob_items, minmay_lindwurm_lava
Lair:5:   layout_cave_pods, minmay_slime_entry_eyes, grunt_megastairs_5,
          serial_bayou_shore_b, minmay_lair_oklob_chamber
Lair:6:   minmay_lair_end_enchanted_forest, layout_misc_corridors,
          ebering_ghost_xom, grunt_megastairs_2, serial_bayou_shore_b,
          lemuel_fruit_fields
Shoals:1: layout_shoals, nicolae_shoals_circle_sea_wall, uniq_donald,
          uniq_louise
Shoals:2: layout_shoals, nicolae_shoals_so_close
Shoals:3: layout_shoals
Shoals:4: shoals_end_hangedman, layout_shoals
Spider:1: layout_spider_delve
Spider:2: layout_spider_delve, nicolae_spider_webs_and_nodes,
          hangedman_spider_tarantella_strand, uniq_aizul, uniq_nikola,
          uniq_roxanne
Spider:3: cheibrodos_spider_silkery, ebering_ghost_disaster_area
Spider:4: spider_rune_water, drop_trap
Orc:1:    layout_caves, gammafunk_ghost_necromancy
Orc:2:    st_orc_open, layout_caves

Skill      XL: |  1  2  3  4  5  6  7  8  9 10 11 12 13 14 15 16 17 18 |
---------------+-------------------------------------------------------+-----
Dodging        | 1 4 6 8 9 11 | 11.2
Fighting       | 5 6 7 8 9 10 11 12 13 14 16 17 | 17.6
Maces & Flails | 5 6 7 8 9 11 12 | 12.0
Armour         | 3 4 6 7 9 10 | 10.9
Shields        | 1 2 3 4 6 7 8 9 |  9.7
Evocations     | 1 5 7 9 11 | 11.1
Axes           | 8 10 11 | 11.4
Conjurations   | 4 11 12 | 12.6

Action                   |  1- 3 |  4- 6 |  7- 9 | 10-12 | 13-15 | 16-18 || total
-------------------------+-------+-------+-------+-------+-------+-------++-------
Melee: Mace              |   105 |   141 |    31 |       |       |       ||   277
       Bite              |       |     5 |    39 |   144 |   421 |   167 ||   776
       Whip              |       |       |   288 |  1063 |  2605 |    63 ||  4019
       Unarmed           |       |       |    17 |       |       |       ||    17
       Broad axe         |       |       |       |       |       |  1013 ||  1013
 Abil: Evoke Invisibilit |       |       |       |     3 |       |       ||     3
Evoke: Wand              |       |       |       |     2 |    12 |    19 ||    33
       Box of beasts     |       |       |       |     1 |     1 |       ||     2
  Use: Potion            |     3 |     4 |     3 |     9 |     8 |    16 ||    43
       Scroll            |     2 |     7 |     8 |    13 |     9 |    20 ||    59
 Stab: Confused          |     1 |       |       |     6 |    20 |       ||    27
       Sleeping          |       |       |     1 |       |       |     2 ||     3
       Paralysed         |       |       |     3 |     1 |     5 |    28 ||    37
       Distracted        |       |       |       |     1 |     3 |       ||     4
       Invisible         |       |       |       |    41 |     1 |     7 ||    49
       Petrified         |       |       |       |       |     1 |       ||     1
  Eat: Chunk             |       |     4 |     5 |     6 |    14 |    12 ||    41
       Ration            |       |       |     3 |     5 |     5 |     5 ||    18
Armor: Leather armour    |    19 |    19 |    50 |   206 |   250 |       ||   544
       Skin              |       |     1 |     1 |     4 |       |       ||     6
       Robe              |       |       |       |       |   132 |   371 ||   503
       Chain mail        |       |       |       |       |       |    96 ||    96
Dodge: Dodged            |    78 |    83 |   207 |   461 |  1079 |   973 ||  2881
Block: Buckler           |     5 |    17 |    70 |   173 |   444 |   383 ||  1092
       Shield            |       |       |       |       |       |   185 ||   185
       Reflection        |       |       |       |       |       |    17 ||    17
